 Dungeon Crawl Stone Soup version 0.30.0-15-g856e2d3f33 (webtiles) character file.

Game seed: 12772947775559694794

2061 CaptainMV the Reanimator (level 9, -7/61 HPs)
             Began as a Demonspawn Wanderer on May 19, 2023.
             Was a Believer of Sif Muna.
             Mangled by a boulder beetle (16 damage)
             ... on level 8 of the Dungeon.
             The game lasted 00:47:02 (4873 turns).

CaptainMV the Reanimator (Demonspawn Wanderer)      Turns: 4873, Time: 00:47:05

Health: -7/61      AC:  9    Str: 11    XL:     9   Next: 5%
Magic:  21/27      EV: 13    Int: 16    God:    Sif Muna [**....]
Gold:   362        SH:  4    Dex: 16    Spells: 6/20 levels left

rFire   . . .        a - +4 dagger (venom)
rCold   . . .        (no shield)
rNeg    . . .        v - +0 troll leather armour {Pargi}
rPois   .            (helmet restricted)
rElec   .            (no cloak)
rCorr   .            d - +0 pair of gloves
SInv    .            (no boots)
Will    .....        (no amulet)
Stlth   ++           n - ring of magical power
HPRegen 1.10/turn    p - ring of flight
MPRegen 0.20/turn

%: no passive effects
@: animating dead (expiring), flying
A: horns 2, icemail 1, condensation shield, demonic magic 1
a: Renounce Religion, Channel Magic


You were on level 8 of the Dungeon.
You worshipped Sif Muna.
Sif Muna was pleased with you.
You visited 2 branches of the dungeon, and saw 9 of its levels.
You also visited: Sewer and Ossuary.

You collected 362 gold pieces.

Inventory:

Hand Weapons
 a - a +4 dagger of venom (weapon)
 b - a +2 shortbow
Missiles
 e - 3 javelins
 g - 4 boomerangs (quivered)
 m - 6 silver javelins
 s - 7 poisoned darts
Armour
 c - a +1 robe
 d - a +0 pair of gloves (worn)
 v - a +0 troll leather armour (worn) {Pargi}
Magical Staves
 t - a staff of fire
Jewellery
 n - a ring of magical power (left hand)
 p - a ring of flight (right hand)
 q - a ring of resist corrosion
 F - a +6 ring of dexterity
 G - a ring of protection from cold
Wands
 h - a wand of flame (25)
 o - a wand of iceblast (9)
 C - a wand of light (7)
 D - a wand of polymorph (5)
Scrolls
 u - 2 scrolls of fog
 x - a scroll of blinking
 y - a scroll of immolation
 z - 2 scrolls of teleportation
Potions
 f - 3 potions of attraction
 i - 4 potions of mutation
 j - 3 potions of haste
 k - a potion of magic {unknown}
 l - 2 potions of flight {unknown}
 w - 4 potions of curing {unknown}
 A - a potion of degeneration {unknown}
 B - 3 potions of heal wounds {unknown}
 E - 2 potions of might {unknown}
 H - a potion of lignification


   Skills:
 + Level 2.2 Fighting
 + Level 3.6 Short Blades
 + Level 0.1 Throwing
 + Level 2.5 Armour
 + Level 3.6 Dodging
 + Level 1.0 Stealth
 + Level 1.4 Shields
 + Level 6.2 Spellcasting
 + Level 1.0 Hexes
 + Level 8.2 Necromancy
 + Level 1.1 Translocations
 + Level 1.2 Invocations


You had 6 spell levels left.
You knew the following spells:

 Your Spells              Type           Power      Damage    Failure   Level
a - Necrotise             Necr           100%       1d9       1%          1
b - Vampiric Draining     Necr           31%        2d8       1%          3
c - Animate Dead          Necr           31%        N/A       6%          4
d - Tukima's Dance        Hex            8%         N/A       34%         3
e - Gell's Gravitas       Tloc           8%         N/A       32%         3

Your spell library contained the following spells:

 Spells                   Type           Power      Damage    Failure   Level
 Slow                     Hex            32%        N/A       12%         1
 Lesser Beckoning         Tloc           16%        N/A       17%         2
 Teleport Other           Tloc           8%         N/A       32%         3


Dungeon Overview and Level Annotations

Branches:
Dungeon (8/15)             Temple (1/1) D:4           Sewer (visited)
Ossuary (visited)
   Lair: D:8-11

Altars:
Ashenzari
Cheibriados
Dithmenos
Fedhas
Hepliaklqana
Kikubaaqudgha
Makhleb
Nemelex Xobeh
Okawaru
Qazlal
Ru
Sif Muna
Trog
Vehumet
Xom
Yredelemnul

Shops:
D:4 *


Innate Abilities, Weirdness & Mutations

You have a pair of horns on your head.
A meltable icy envelope protects you from harm. (AC +4)
A meltable shield of frost defends you. (SH +4)
Spells you cast may paralyse adjacent enemies.


Message History

The boulder beetle looks as sick as possible!
The boulder beetle is lightly wounded.
The boulder beetle leaps!
Found a potion of haste.
The boulder beetle curls into a ball and begins rolling!
You see here a potion of haste.
Your reaping aura is weakening.
The boulder beetle hits you!!!
Ouch! That really hurt!
* * * LOW HITPOINT WARNING * * *
The boulder beetle stops rolling and uncurls.
You hear a loud, deep croak!
You hear a howl!
You hear a shout!
You hit the boulder beetle but do no damage.
The boulder beetle looks as sick as possible!
You headbutt the boulder beetle, but do no damage.
You punch the boulder beetle, but do no damage.
The boulder beetle is moderately wounded.
You hit the boulder beetle but do no damage.
You headbutt the boulder beetle, but do no damage.
The boulder beetle is moderately wounded.
The boulder beetle bites you but does no damage.
Casting: Animate Dead (dangerous; 6% risk of failure)
Confirm with . or Enter, or press ? or * to list all spells.
Aiming: Vampiric Draining (safe; 1% risk of failure)
Press: ? - help, Shift-Dir - straight line, f/p - boulder beetle
Aim: a boulder beetle (heavily wounded, extremely poisoned)
You draw life force from the boulder beetle.
You feel life coursing into your body. Malevolent energies surge around you.
A wolf comes into view.
The boulder beetle closely misses you.
Casting: Vampiric Draining (safe; 1% risk of failure)
Confirm with . or Enter, or press ? or * to list all spells.
Aiming: Vampiric Draining (safe; 1% risk of failure)
Press: ? - help, Shift-Dir - straight line, f/p - boulder beetle
Aim: a boulder beetle (heavily wounded, extremely poisoned)
You draw life force from the boulder beetle.
You feel life coursing into your body. Malevolent energies surge around you.
The wolf howls!
You hear a roar!
The boulder beetle bites you!
You die...

..... . #.#.# ## !.
#.#.# .# ##
..#####.#.###.# !..
....##.#..<..#
....#####....#.....#
.!...........#.....#
........!..........#
.........@...#.....#
.........B.........#
...$........##....##
###.........##..###
#.........###...
#......h..# #####
............
.#~..#~#.....


You could see a boulder beetle (extremely poisoned) and a wolf.

Vanquished Creatures
  An orc warrior (D:6)
  Pargi (Sewer)
  2 ice beasts
  A centaur (D:7)
  A phantom (D:5)
  4 bullfrogs
  3 scorpions
  2 water moccasin zombies (Ossuary)
  3 hounds
  2 jellies
  Crazy Yiuf (D:7)
  A gnoll bouda (D:6)
  2 sleepcaps
  7 iguanas
  An orc wizard (D:6)
  3 mummies
  5 gnolls
  6 adders
  2 white imps
  2 ufetubi (D:6)
  9 adder zombies (Ossuary)
  4 worms
  2 dart slugs
  8 orcs
  7 ball pythons
  6 bats
  2 endoplasms
  4 giant cockroaches
  2 gnoll zombies (Ossuary)
  12 goblins
  7 hobgoblins
  2 jackals (D:3)
  4 quokkas
  3 frilled lizards
  4 hobgoblin zombies (Ossuary)
  6 kobolds
  3 kobold zombies (Ossuary)
  4 orc zombies (Ossuary)
  12 rats
151 creatures vanquished.

Vanquished Creatures (collateral kills)
  An ice beast (D:6)
  A scorpion (D:6)
  A hound (D:5)
  A jelly (D:6)
  2 gnolls
  An orc (D:6)
  A ball python (D:3)
  2 bats (D:1)
  A frilled lizard (D:3)
  3 rats
14 creatures vanquished.

Vanquished Creatures (others)
  2 bullfrog zombies (D:6)
  An iguana zombie (D:6)
  An adder zombie (D:5)
  A bat zombie (Sewer)
  2 orc zombies (D:6)
7 creatures vanquished.

Grand Total: 172 creatures vanquished

Notes
Turn   | Place    | Note
-------+----------+-------------------------------------------
     0 | D:1      | CaptainMV the Demonspawn Wanderer began the quest for the
                  | Orb.
     0 | D:1      | CaptainMV set off with the following items: a +0 dagger, a
                  | potion of lignification, a +0 robe, a +0 pair of gloves;
                  | and the following spells available to memorise: Necrotise,
                  | Slow, Vampiric Draining, Animate Dead, Tukima's Dance.
     0 | D:1      | Reached XP level 1. HP: 13/13 MP: 2/2
     2 | D:1      | Learned a level 1 spell: Necrotise
   203 | D:1      | Gained mutation: You have a pair of small horns on your
                  | head. [demonic ancestry]
   203 | D:1      | Reached XP level 2. HP: 19/19 MP: 0/3
   243 | D:1      | Reached skill level 5 in Necromancy
   829 | D:2      | Reached XP level 3. HP: 21/24 MP: 1/5
   915 | D:2      | Found a faded altar of an unknown god.
  1002 | D:2      | Found a shimmering altar of Xom.
  1287 | D:3      | Gained mutation: A meltable shield of frost defends you.
                  | (SH +4) [demonic ancestry]
  1287 | D:3      | Reached XP level 4. HP: 21/30 MP: 0/7
  1337 | D:3      | Found a hazy altar of Hepliaklqana.
  1529 | D:3      | Found a stormy altar of Qazlal.
  1576 | D:3      | Learned a level 3 spell: Vampiric Draining
  1905 | D:4      | Gained mutation: A meltable icy envelope protects you from
                  | harm. (AC +4) [demonic ancestry]
  1905 | D:4      | Reached XP level 5. HP: 35/35 MP: 7/9
  2148 | D:4      | Found a staircase to the Ecumenical Temple.
  2176 | Temple   | Entered the Ecumenical Temple
  2221 | Temple   | Became a worshipper of Sif Muna the Loreminder
  2504 | D:4      | Learned a level 4 spell: Animate Dead
  2535 | D:4      | Found Zyfyav's Lightly-Used Armoury.
  2676 | D:5      | Entered Level 5 of the Dungeon
  2685 | D:5      | Reached skill level 6 in Necromancy
  2702 | D:5      | Noticed an ice beast
  2725 | D:5      | Killed an ice beast
  2726 | D:5      | Reached XP level 6. HP: 24/41 MP: 6/12
  3085 | D:5      | Reached XP level 7. HP: 38/47 MP: 13/13
  3091 | D:5      | Reached skill level 1 in Short Blades
  3121 | D:5      | Reached skill level 7 in Necromancy
  3197 | D:5      | Reached * piety under Sif Muna
  3209 | D:5      | Found a glowing drain.
  3218 | Sewer    | Entered a sewer
  3300 | Sewer    | Noticed Pargi
  3307 | Sewer    | Killed Pargi
  3308 | Sewer    | Reached skill level 1 in Fighting
  3308 | Sewer    | Reached skill level 5 in Spellcasting
  3757 | D:6      | Gained mutation: You have a pair of horns on your head.
                  | [demonic ancestry]
  3757 | D:6      | Reached XP level 8. HP: 54/54 MP: 11/16
  3843 | D:6      | Reached skill level 8 in Necromancy
  3846 | D:6      | Reached skill level 1 in Shields
  3925 | D:6      | Found a burning altar of Makhleb.
  4102 | D:7      | Reached skill level 1 in Stealth
  4109 | D:7      | Reached ** piety under Sif Muna
  4118 | D:7      | Found a sand-covered staircase.
  4131 | Ossuary  | Entered an ossuary
  4184 | Ossuary  | Learned a level 3 spell: Tukima's Dance
  4188 | Ossuary  | Learned a level 3 spell: Gell's Gravitas
  4410 | D:7      | Found an iron altar of Okawaru.
  4648 | D:7      | Reached skill level 1 in Translocations
  4662 | D:7      | Found a runed translucent door.
  4663 | D:7      | Noticed Crazy Yiuf
  4672 | D:7      | Killed Crazy Yiuf
  4730 | D:7      | Gained mutation: Spells you cast may paralyse adjacent
                  | enemies. [demonic ancestry]
  4730 | D:7      | Reached XP level 9. HP: 53/61 MP: 18/18
  4853 | D:8      | Noticed a boulder beetle
  4869 | D:8      | HP: 1/61 [boulder beetle (45)]
  4873 | D:8      | Mangled by a boulder beetle

Illustrated notes

Levels and vault maps discovered:
D:1:      minmay_arrival_loop, layout_basic, minmay_splitting_lines
D:2:      layout_loops_ring, basic_altar, ebering_ecumenical_altar_abandoned,
          hangedman_feature_mirror
D:3:      layout_rooms, mainiacjoe_overflow_concentric_impassable, minitemple,
          minmay_misc_feat_tiny, amcnicky_mini_rare_corridor_liquid
D:4:      layout_gridville, minmay_temple_entry_slanted, minmay_shop_damaged,
          minmay_misc_feat_nine_boxes
D:5:      layout_basic, portal_sewer_entry_e, minmay_door_square
D:6:      layout_basic, lemuel_round_altar
D:7:      layout_gridville, mainiacjoe_overflow_alcove_1,
          gup_ossuary_entry_pyramid, hex_tiny, uniq_crazy_yiuf_cottage
D:8:      layout_basic, hellmonk_lair_entry_icy, serial_shops, shop, shop,
          nicolae_stop_n_shop_2, shop, uniq_amaemon
Temple:   cyrus_circular_temple

Skill      XL: |  1  2  3  4  5  6  7  8 |
---------------+-------------------------+-----
Necromancy     | 5 6 7 8 |  8.2
Spellcasting   | 2 3 4 5 6 |  6.2
Dodging        | 2 3 |  3.6
Short Blades   | 1 3 |  3.6
Fighting       | 1 2 |  2.2
Shields        | 1 |  1.4
Armour         | 2 |  2.5
Stealth        | 1 |  1.0
Translocations | 1 |  1.1
Throwing       | |  0.1
Hexes          | |  1.0
Invocations    | |  1.2

Action                     |  1- 3 |  4- 6 |  7- 9 || total
---------------------------+-------+-------+-------++-------
  Melee: Dagger            |    54 |    66 |   219 ||   339
         Headbutt          |     6 |    12 |    60 ||    78
         Punch             |       |       |     5 ||     5
   Fire: Shortbow          |       |       |     4 ||     4
  Throw: Boomerang         |       |     2 |       ||     2
   Cast: Necrotise         |    44 |    65 |    11 ||   120
         Vampiric Draining |       |    10 |    17 ||    27
         Animate Dead      |       |     4 |     7 ||    11
         Gell's Gravitas   |       |       |     7 ||     7
    Use: Scroll            |     2 |     3 |    11 ||    16
   Stab: Distracted        |       |       |     1 ||     1
         Sleeping          |       |       |     1 ||     1
 Armour: Robe              |    18 |    23 |     8 ||    49
         Troll leather arm |       |       |    77 ||    77
  Dodge: Dodged            |    40 |    59 |   168 ||   267
  Block: Other             |       |    15 |    49 ||    64
